 Dungeon Sprint DCSS version 0.31-a0-744-gbc345e7fcb (webtiles) character file.

Game seed: 14292201096270112146

73336 garrulousMonolith the Octopoid Aeon (level 15, -3/116 HPs)
             Began as an Octopode Shapeshifter on Sept 13, 2023.
             Was the Champion of Cheibriados.
             Killed from afar by a purple draconian (30 damage)
             ... with a bolt of dispelling energy
             ... in the Dungeon (Sprint V: "Ziggurat Sprint").
             The game lasted 00:17:19 (2480 turns).

garrulousMonolith the Octopoid Aeon (OpSh)          Turns: 2480, Time: 00:17:20

Health: -3/116     AC:  8    Str: 40    XL:     15   Next: 43%
Magic:  5/32       EV: 35    Int: 48    God:    Cheibriados [******]
Gold:   0          SH: 36    Dex: 39    Spells: 23/41 levels left

rFire   + + .        D - +10 lance "Wyrmbane" {slay drac, rPois rF+ rC+ AC+3}
rCold   + . .        B - +18 shield of the Gong {Loud rN+ Will+ rCorr EV-5}
rNeg    + + .        (helmet restricted)
rPois   +            L - amulet of Dekel {Regen+ rCorr}
rElec   +            z - +6 ring of strength
rCorr   +            U - ring of Ecihin {rF+ Str+6 Int+4 Stlth+}
SInv    .            v - ring of Sunlight {Will+ Int+6}
Will    +++++        M - ring of Wiamylan {rElec Will+++ Int-4 Dex+6 Stlth+}
Stlth   ++++++       G - ring "Rogewiv" {rElec rN+ EV+5 Int+3 Dex+4}
HPRegen 1.19/turn    u - ring of flight
MPRegen 0.23/turn    y - +6 ring of intelligence
                     J - +4 ring of protection

%: no teleportation
@: flying, very slow
A: almost no armour, amphibious, 8 rings, camouflage 1, gelatinous body 1,
(nimble swimmer 1), tentacles
a: Renounce Religion, Bend Time, Temporal Distortion, Slouch, Step From Time


You were in the Dungeon.
You worshipped Cheibriados.
Cheibriados was exalted by your worship.
You visited 1 branch

Inventory:

Hand Weapons
 C - the +11 Singing Sword {sonic wave}
   (You found it in the Dungeon)
 D - the +10 lance "Wyrmbane" (weapon) {slay drac, rPois rF+ rC+ AC+3}
   (You found it in the Dungeon)

   AC+3:      It affects your AC (+3).
   rF+:       It protects you from fire.
   rC+:       It protects you from cold.
   rPois:     It protects you from poison
 E - the +9 sword of Zonguldrok {reap}
   (You found it in the Dungeon)
 F - the +6 Majin-Bo {spellvamp, MP+6 Int+6}
   (You found it in the Dungeon)

   Int+6:     It affects your intelligence (+6).
   MP+6:      It affects your magic capacity (+6).
 X - the +8 Vampire's Tooth {megavamp}
   (You found it in the Dungeon)
Armour
 B - the +18 shield of the Gong (worn) {Loud rN+ Will+ rCorr EV-5}
   (You found it in the Dungeon)

   Loud:      It is deafeningly noisy when blocking attacks.
   EV-5:      It affects your evasion (-5).
   rN+:       It protects you from negative energy.
   Will+:     It increases your willpower.
   rCorr:     It protects you from acid and corrosion.
Jewellery
 u - a ring of flight (on tentacle)
 v - the ring of Sunlight (on tentacle) {Will+ Int+6}
   (You found it in the Dungeon)

   [ring of willpower]

   Int+6:     It affects your intelligence (+6).
   Will+:     It increases your willpower.
 y - a +6 ring of intelligence (on tentacle)
 z - a +6 ring of strength (left tentacle)
 G - the ring "Rogewiv" (on tentacle) {rElec rN+ EV+5 Int+3 Dex+4}
   (You found it in the Dungeon)

   [ring of evasion]

   EV+5:      It affects your evasion (+5).
   Int+3:     It affects your intelligence (+3).
   Dex+4:     It affects your dexterity (+4).
   rElec:     It insulates you from electricity.
   rN+:       It protects you from negative energy.
 I - a ring of wizardry
 J - a +4 ring of protection (on tentacle)
 K - an amulet of reflection
 L - the amulet of Dekel (around mantle) {Regen+ rCorr}
   (You found it in the Dungeon)

   [amulet of regeneration]

   Regen+:    It increases your rate of health regeneration.
   rCorr:     It protects you from acid and corrosion.
 M - the ring of Wiamylan (on tentacle) {rElec Will+++ Int-4 Dex+6 Stlth+}
   (You found it in the Dungeon)

   [ring of dexterity]

   Int-4:     It affects your intelligence (-4).
   Dex+6:     It affects your dexterity (+6).
   rElec:     It insulates you from electricity.
   Will+++:   It greatly increases your willpower.
   Stlth+:    It makes you more stealthy.
 P - the ring "Xusi" {rElec rPois rC+ Will+ rCorr}
   (You found it in the Dungeon)

   [ring of willpower]

   rC+:       It protects you from cold.
   rElec:     It insulates you from electricity.
   rPois:     It protects you from poison Will+: It increases your willpower.
   rCorr:     It protects you from acid and corrosion.
 U - the ring of Ecihin (right tentacle) {rF+ Str+6 Int+4 Stlth+}
   (You found it in the Dungeon)

   [ring of strength]

   Str+6:     It affects your strength (+6).
   Int+4:     It affects your intelligence (+4).
   rF+:       It protects you from fire.
   Stlth+:    It makes you more stealthy.
 W - a +4 ring of slaying
Talismans
 b - a beast talisman
 c - a flux talisman
 f - a dragon-blood talisman
Wands
 q - a wand of polymorph (12)
 s - a wand of mindburst (10)
 t - a wand of quicksilver (23)
 H - a wand of paralysis (25)
 N - a wand of roots (6)
 O - a wand of flame (34)
 R - a wand of digging (6)
Scrolls
 i - 4 scrolls of blinking
 j - 4 scrolls of amnesia
 k - 7 scrolls of fog
 l - 5 scrolls of identify
 m - 2 scrolls of fear
 Q - 2 scrolls of brand weapon
Potions
 a - a potion of lignification
 d - 8 potions of curing
 g - 5 potions of magic
 h - 3 potions of berserk rage
 n - 2 potions of brilliance
 o - 2 potions of invisibility
 p - 4 potions of resistance
 r - 5 potions of might
Miscellaneous
 S - a condenser vane
 T - a sack of spiders
 V - a phantom mirror


   Skills:
 + Level 15.2 Fighting
 + Level 15.3 Dodging
 + Level 15.1 Shields
 * Level 10.6 Unarmed Combat
 + Level 13.8 Spellcasting
 - Level 10.0 Conjurations
 O Level 27 Invocations
 + Level 15.5 Shapeshifting


You had 23 spell levels left.
You knew the following spells:

 Your Spells              Type           Power      Damage    Failure   Level
a - Apportation           Tloc           66%        N/A       1%          1
b - Fireball              Conj/Fire      34%        3d14      3%          5
c - Passage of Golubria   Tloc           33%        N/A       9%          4
d - Blink                 Tloc           66%        N/A       1%          2
e - Conjure Ball Lightni  Conj/Air       34%        3x3d11    17%         6

Your spell library contained the following spells:

 Spells                   Type           Power      Damage    Failure   Level
 Kiss of Death            Conj/Necr      100%       2d13      1%          1
 Necrotise                Necr           100%       1d9       1%          1
 Shock                    Conj/Air       100%       1d9       1%          1
 Summon Small Mammal      Summ           100%       N/A       1%          1
 Cigotuvi's Dreadful Rot  Necr/Pois/Air  66%        N/A       1%          2
 Jinxbite                 Hex            66%        N/A       1%          2
 Passwall                 Tmut/Erth      27%        N/A       1%          2
 Poisonous Vapours        Pois/Air       66%        N/A       1%          2
 Static Discharge         Conj/Air       100%       2-7/arc   1%          2
 Sublimation of Blood     Necr           33%        N/A       1%          2
 Wereblood                Tmut           33%        N/A       1%          2
 Dazzling Flash           Conj/Hex       100%       N/A       1%          3
 Stone Arrow              Conj/Erth      100%       3d13      1%          3
 Flame Wave               Conj/Fire      69%        2d16      1%          4
 Iskenderun's Mystic Bla  Conj/Tloc      69%        2d14      1%          4
 Sticky Flame             Conj/Fire      69%        2d8       1%          4
 Iskenderun's Battlesphe  Conj           92%        2d14      1%          5
 Confusing Touch          Hex            33%        N/A       2%          3
 Inner Flame              Hex/Fire       33%        N/A       2%          3
 Ozocubu's Armour         Ice            33%        N/A       2%          3
 Swiftness                Air            33%        N/A       2%          3
 Tukima's Dance           Hex            33%        N/A       2%          3
 Volatile Blastmotes      Fire/Tloc      66%        2d15      2%          3
 Arcjolt                  Conj/Air       34%        1d44      3%          5
 Airstrike                Air            16%        2d(3-19)  9%          4
 Anguish                  Hex/Necr       16%        N/A       9%          4
 Animate Dead             Necr           33%        N/A       9%          4
 Cause Fear               Hex            16%        N/A       9%          4
 Dimensional Bullseye     Hex/Tloc       16%        N/A       9%          4
 Dispel Undead            Necr           33%        3d14      9%          4
 Manifold Assault         Tloc           33%        N/A       9%          4
 Summon Lightning Spire   Summ/Air       33%        N/A       9%          4
 Vhi's Electric Charge    Tloc/Air       66%        N/A       9%          4
 Orb of Destruction       Conj           46%        9d12      12%         7
 Starburst                Conj/Fire      34%        6d10      17%         6
 Agony                    Necr           33%        N/A       24%         5
 Borgnjor's Vile Clutch   Necr/Erth      16%        N/A       24%         5
 Metabolic Englaciation   Hex/Ice        16%        N/A       24%         5
 Silence                  Hex/Air        16%        N/A       24%         5
 Death Channel            Necr           16%        N/A       80%         6
 Plasma Beam              Fire/Air       16%        2x1d28    80%         6
 Simulacrum               Ice/Necr       16%        N/A       80%         6
 Enfeeble                 Hex            16%        N/A       100%        7
 Malign Gateway           Summ/Tloc      16%        N/A       100%        7
 Summon Hydra             Summ           16%        N/A       100%        7
 Borgnjor's Revivificati  Necr           16%        N/A       100%        8
 Discord                  Hex            16%        N/A       100%        8
 Lehudib's Crystal Spear  Conj/Erth      34%        10d9      100%        8
 Maxwell's Capacitive Co  Air            16%        ∞         100%        8
 Chain Lightning          Conj/Air       34%        3d46      100%        9
 Fire Storm               Conj/Fire      34%        8d9       100%        9
 Shatter                  Erth           16%        3d16*     100%        9
 Animate Armour           Summ/Erth      Unusable   N/A       N/A         4

Dungeon Overview and Level Annotations

Branches:
Dungeon (1/1)

Altars:
Ashenzari
Cheibriados
Dithmenos
Elyvilon
Fedhas
Gozag
Hepliaklqana
Kikubaaqudgha
Makhleb
Nemelex Xobeh
Okawaru
Qazlal
Ru
Sif Muna
Trog
Uskayaw
Vehumet
Wu Jian
Xom
Yredelemnul
Zin
The Shining One
Jiyva
Lugonu

Annotations:
D 1 transporter


Innate Abilities, Weirdness & Mutations

You cannot wear most types of armour.
You are amphibious.
You can wear up to eight rings at the same time.
Your skin changes colour to match your surroundings (Stealth+).
Your rubbery body absorbs attacks. (AC +1, EV +1)
((You are camouflaged when in or above water. (Stealth+)))
You have tentacles for arms and can constrict up to eight enemies at once.


Message History

GONNNNG!
The green draconian misses you.
The purple draconian breathes dispelling energy at you.
The bolt of dispelling energy hits your scorpion!!
Your scorpion dies!
Your scorpion's corpse disappears in a puff of smoke!
The bolt of dispelling energy misses you.
You hit the purple draconian but do no damage.
The purple draconian convulses.
You grab the purple draconian.
The purple draconian is almost dead.
You constrict the purple draconian. You constrict the green draconian.
The green draconian tears the web.
You block the green draconian's attack.
BONNNG!
The green draconian tail-slaps you but does no damage.
You block the purple draconian's attack.
GONNNNG!
You puncture the white draconian!
The white draconian convulses!
Your grab misses the white draconian.
The white draconian is moderately wounded.
You constrict the purple draconian. You constrict the green draconian!
You kill the green draconian!
Cheibriados thoroughly appreciates the change of pace.
You block the green draconian's attack.
GONNNNG!
The white draconian breathes frost at you.
The blast of cold misses you.
The purple draconian breathes dispelling energy at you.
The bolt of dispelling energy hits you!!
* * * LOW HITPOINT WARNING * * *
You block the purple draconian's attack.
PANG!
You hear chittering from your sack of spiders.
It's ready.
You feel much better.
You constrict the purple draconian. You block the white draconian's attack.
GONNNNG!
You block the green draconian's attack.
BONNNG!
The purple draconian breathes dispelling energy at you.
The bolt of dispelling energy hits you!!
You die...

8▓▓...............▓..▓.......▓..▓
_▓▓...............▓.▓▓▓.....▓▓▓.▓
8▓▓...▓.......▓...▓..▓.......▓..▓
_▓▓..▓▓▓.....▓▓ ..▓.............▓
8▓▓...▓.......▓...▓......©......▓
▓▓▓...............▓▓▓▓▓▓▓▓▓▓▓▓▓▓▓
.......©.......▓.....8©8.....▓
▓▓▓▓▓▓▓▓▓▓▓▓▓▓▓▓..)).))|))...▓
8©8..dd@)▓..)".=.).)[..▓
)[)|?.d))▓.÷...).).....▓
[.)))|d^.▓......).[)...▓
.....d)=))).)).▓......)).....▓
....dq...))....▓....)))).....▓
...d.....)...).▓.....))......▓
.....○..).)....▓..▓.).....▓..▓
...............▓.▓▓▓.....▓▓▓.▓
.......°.......▓..▓.......▓..▓


You could see a green draconian, 2 draconians and a white draconian (catching
breath).

Vanquished Creatures
  An ancient lich (D)
  A royal mummy (D)
  A deep elf master archer (D)
  An acid blob (D)
  2 nagarajas (D)
  A draconian monk (D)
  2 rockslimes (D)
  2 deep elf sorcerers (D)
  A draconian shifter (D)
  3 draconian scorchers (D)
  3 orc warlords (D)
  A draconian stormcaller (D)
  A formless jellyfish (D)
  3 vampire knights (D)
  An ironbound preserver (D)
  7 green draconians (D)
  A deep elf annihilator (D)
  A purple draconian (D)
  2 red draconians (D)
  A black draconian (D)
  3 white draconians (D)
  2 mummy priests (D)
  3 deep elf high priests (D)
  3 great orbs of eyes (D)
  2 vault guards (D)
  2 hydras (D)
  A boulder beetle (D)
  A dancing weapon (D)
  3 spriggan air magi (D)
  2 vampire magi (D)
  2 orc high priests (D)
  2 spriggan berserkers (D)
  4 skeletal warriors (D)
  A deep elf archer (D)
  5 orc knights (D)
  A deep elf zephyrmancer (D)
  A deep elf pyromancer (D)
  3 necromancers (D)
  A shining eye (D)
  2 orc sorcerers (D)
  3 naga magi (D)
  5 black mambas (D)
  4 guardian serpents (D)
  3 cane toads (D)
  A komodo dragon (D)
  A yaktaur (D)
  2 guardian mummies (D)
  A tarantella (D)
  2 trolls (D)
  A blink frog (D)
  2 flying skulls (D)
  A jumping spider (D)
  4 slime creatures (D)
  Sigmund (D)
  4 shadows (D)
  A wyvern (D)
  2 yaks (D)
  3 golden eyes (D)
  4 wargs (D)
  5 nagas (D)
  3 hell hounds (D)
  15 water moccasins (D)
  Duvessa (D)
  13 orc warriors (D)
  9 ogres (D)
  Blork the orc (D)
  2 scorpions (D)
  An earth elemental (D)
  A wight (D)
  Dowan (D)
  A quasit (D)
  4 jellies (D)
  2 orc priests (D)
  Crazy Yiuf (D)
  A gnoll bouda (D)
  Jessica (D)
  2 orc wizards (D)
  A mummy (D)
  3 adders (D)
  A white imp (D)
  An ufetubus (D)
  An adder skeleton (D)
  2 orcs (D)
  5 ball pythons (D)
  2 bat skeletons (D)
  2 bat zombies (D)
  An endoplasm (D)
  A ball python zombie (D)
209 creatures vanquished.

Vanquished Creatures (others)
  A purple draconian (D)
1 creature vanquished.

Grand Total: 210 creatures vanquished

Notes
Turn   | Place    | Note
-------+----------+-------------------------------------------
     0 | D        | garrulousMonolith the Octopode Shapeshifter began the quest
                  | for the Orb.
     0 | D        | Reached XP level 1. HP: 13/13 MP: 1/1
     0 | D        | Found a blossoming altar of Fedhas.
     0 | D        | Found the +6 Majin-Bo {spellvamp, MP+6 Int+6}
     0 | D        | Found the +27 heavy crossbow "Sniper" {heavy, Acc+∞ SInv}
     0 | D        | Found the +10 dark maul {heavy}
     0 | D        | Found the +15 Maxwell's patent armour {-Cast -Tele rElec
                  | Will+ rCorr}
     0 | D        | Found the +18 shield of the Gong {Loud rN+ Will+ rCorr
                  | EV-5}
     0 | D        | Found the +16 obsidian axe {drain, demonic, Mesm Drain Fly
                  | SInv}
     0 | D        | Found the +7 great mace "Firestarter" {flame, immolate,
                  | rFlCloud rF++}
     0 | D        | Found the +6 shillelagh "Devastator" {shatter}
     0 | D        | Found the +11 plutonium sword {Contam Stlth-}
     0 | D        | Found the +8 lance "Wyrmbane" {slay drac, rPois rF+ rC+
                  | AC+3}
     0 | D        | Found the +9 sword of Zonguldrok {reap}
     0 | D        | Found the +13 scythe of Curses {drain, curses, Drain}
     0 | D        | Found the +9 sword of Power {lifebolt}
     0 | D        | Found the +7 mace of Variability {chaos, chaos arc}
     0 | D        | Found the +11 Singing Sword {sonic wave}
     0 | D        | Found the +8 storm bow {elec, penet}
     1 | D        | Found a viscous altar of Jiyva.
     1 | D        | Found a transporter.
     1 | D        | Found a hazy altar of Hepliaklqana.
     1 | D        | Found an ancient bone altar of Kikubaaqudgha.
     1 | D        | Found an opulent altar of Gozag.
     1 | D        | Found a corrupted altar of Lugonu.
    46 | D        | Found a burning altar of Makhleb.
    47 | D        | Found a sacrificial altar of Ru.
    47 | D        | Found a shimmering blue altar of Sif Muna.
    47 | D        | Found a stormy altar of Qazlal.
    47 | D        | Found a bloodstained altar of Trog.
    47 | D        | Found an iron altar of Okawaru.
    47 | D        | Found a sparkling altar of Nemelex Xobeh.
   105 | D        | Became a worshipper of Cheibriados the Contemplative
   119 | D        | Entered arena 2.
   119 | D        | Found a transporter.
   122 | D        | Reached skill level 4 in Invocations
   122 | D        | Reached XP level 2. HP: 18/18 MP: 1/5
   124 | D        | Got the ring "Rogewiv" {rElec rN+ EV+5 Int+3 Dex+4}
   169 | D        | Entered arena 3.
   169 | D        | Found a transporter.
   172 | D        | Reached * piety under Cheibriados
   173 | D        | Reached skill level 7 in Invocations
   173 | D        | Reached XP level 3. HP: 16/23 MP: 6/8
   174 | D        | Reached ** piety under Cheibriados
   204 | D        | Entered arena 4.
   204 | D        | Noticed a golden eye
   204 | D        | Noticed a slime creature
   204 | D        | Found a transporter.
   205 | D        | Killed a golden eye
   206 | D        | Reached skill level 12 in Invocations
   206 | D        | Reached XP level 4. HP: 28/28 MP: 9/12
   206 | D        | Reached XP level 5. HP: 33/33 MP: 9/13
   210 | D        | Killed a slime creature
   210 | D        | Reached *** piety under Cheibriados
   211 | D        | Reached skill level 14 in Invocations
   211 | D        | Reached XP level 6. HP: 38/38 MP: 10/16
   212 | D        | Reached skill level 15 in Invocations
   243 | D        | Entered arena 5.
   243 | D        | Noticed a tarantella
   243 | D        | Noticed a jumping spider
   243 | D        | Found a transporter.
   246 | D        | Reached XP level 7. HP: 43/43 MP: 18/18
   247 | D        | Reached **** piety under Cheibriados
   248 | D        | Reached skill level 16 in Invocations
   248 | D        | Killed a tarantella
   249 | D        | Reached skill level 17 in Invocations
   251 | D        | Killed a jumping spider
   251 | D        | Reached ***** piety under Cheibriados
   252 | D        | Reached skill level 18 in Invocations
   252 | D        | Reached XP level 8. HP: 22/48 MP: 19/21
   256 | D        | Got the amulet of Dekel {Regen+ rCorr}
   446 | D        | Entered arena 6.
   446 | D        | Found a transporter.
   450 | D        | Reached ****** piety under Cheibriados
   451 | D        | Reached skill level 19 in Invocations
   561 | D        | Entered arena 7.
   561 | D        | Noticed Sigmund
   561 | D        | Noticed Jessica
   561 | D        | Noticed Blork the orc
   561 | D        | Noticed Crazy Yiuf
   561 | D        | Noticed Dowan
   561 | D        | Noticed Duvessa
   562 | D        | Reached XP level 9. HP: 53/53 MP: 22/22
   563 | D        | Killed Crazy Yiuf
   563 | D        | Killed Jessica
   564 | D        | Killed Duvessa
   564 | D        | Killed Blork the orc
   564 | D        | Killed Dowan
   564 | D        | Killed Sigmund
   565 | D        | Reached skill level 20 in Invocations
   565 | D        | Found a transporter.
   573 | D        | Got the ring of Wiamylan {rElec Will+++ Int-4 Dex+6 Stlth+}
   612 | D        | Entered arena 8.
   612 | D        | Noticed a black mamba
   613 | D        | Killed a black mamba
   614 | D        | Reached skill level 21 in Invocations
   614 | D        | Reached XP level 10. HP: 58/58 MP: 18/24
   614 | D        | Found a transporter.
   732 | D        | Entered arena 9.
   732 | D        | Noticed a vault guard
   732 | D        | Noticed an ironbound preserver
   732 | D        | Noticed a formless jellyfish
   732 | D        | Noticed a boulder beetle
   732 | D        | Noticed a vault guard
   732 | D        | Noticed a great orb of eyes
   735 | D        | Killed a boulder beetle
   736 | D        | Reached skill level 22 in Invocations
   736 | D        | Killed a great orb of eyes
   737 | D        | Reached skill level 23 in Invocations
   737 | D        | Killed a vault guard
   737 | D        | Killed a vault guard
   737 | D        | Killed an ironbound preserver
   738 | D        | Reached skill level 25 in Invocations
   738 | D        | Reached XP level 11. HP: 63/63 MP: 0/27
   738 | D        | Found a transporter.
   740 | D        | Paralysed by a formless jellyfish for 1 turns
   741 | D        | Killed a formless jellyfish
   886 | D        | Entered arena 10.
   886 | D        | Noticed a mummy priest
   886 | D        | Noticed a royal mummy
   886 | D        | Noticed a mummy priest
   887 | D        | Found a transporter.
   888 | D        | Noticed a flayed ghost
   889 | D        | Reached skill level 26 in Invocations
   893 | D        | Killed a mummy priest
   894 | D        | Killed a mummy priest
   895 | D        | Reached skill level 27 in Invocations
   895 | D        | Reached skill level 1 in Shields
   895 | D        | Reached skill level 1 in Spellcasting
   895 | D        | Noticed a death scarab
   895 | D        | Noticed a death scarab
   896 | D        | Noticed a death scarab
   896 | D        | Noticed a death scarab
   897 | D        | Noticed a death scarab
   897 | D        | Noticed a death scarab
   897 | D        | Noticed a death scarab
   897 | D        | Killed a royal mummy
   909 | D        | Got the ring "Xusi" {rElec rPois rC+ Will+ rCorr}
   945 | D        | Entered arena 11.
   947 | D        | Reached skill level 5 in Fighting
   947 | D        | Reached skill level 5 in Dodging
   947 | D        | Reached XP level 12. HP: 77/77 MP: 23/29
   947 | D        | Found a transporter.
   952 | D        | Reached skill level 5 in Shields
   964 | D        | Got the ring "Noany" {rElec rPois rN+ Int-5 Stlth+}
   991 | D        | Entered arena 12.
   991 | D        | Noticed a vampire knight
   991 | D        | Noticed an ancient lich
   992 | D        | Noticed a vampire mage
   996 | D        | Reached skill level 5 in Spellcasting
   996 | D        | Killed a vampire mage
   998 | D        | Killed a vampire knight
  1008 | D        | Killed an ancient lich
  1009 | D        | Reached skill level 10 in Shapeshifting
  1040 | D        | Found a transporter.
  1054 | D        | Got the ring "Ulaitz" {rF++ rC+ Int-5}
  1079 | D        | Learned a level 1 spell: Apportation
  1079 | D        | Entered arena 13.
  1083 | D        | Found a transporter.
  1103 | D        | Got the amulet "Qaraybb" {Acrobat +Inv rElec rCorr}
  1127 | D        | Entered arena 14.
  1128 | D        | Noticed a deep elf high priest
  1129 | D        | Noticed a deep elf sorcerer
  1129 | D        | Noticed a deep elf annihilator
  1129 | D        | Noticed a deep elf high priest
  1129 | D        | Noticed a deep elf high priest
  1129 | D        | Noticed a deep elf sorcerer
  1129 | D        | Noticed a deep elf master archer
  1133 | D        | Killed a deep elf high priest
  1133 | D        | Killed a deep elf high priest
  1133 | D        | Killed a deep elf high priest
  1134 | D        | Reached XP level 13. HP: 37/91 MP: 10/30
  1135 | D        | Killed a deep elf sorcerer
  1135 | D        | Killed a deep elf sorcerer
  1135 | D        | Killed a deep elf annihilator
  1136 | D        | Reached skill level 10 in Fighting
  1136 | D        | Reached skill level 10 in Dodging
  1136 | D        | Reached skill level 10 in Shields
  1136 | D        | Found a transporter.
  1140 | D        | HP: 3/92 [deep elf master archer/arrow (28)]
  1142 | D        | Killed a deep elf master archer
  1370 | D        | Entered arena 15.
  1371 | D        | Noticed a vampire knight
  1372 | D        | Noticed a vampire knight
  1373 | D        | Found a transporter.
  1376 | D        | Killed a vampire knight
  1377 | D        | Reached skill level 10 in Spellcasting
  1381 | D        | Killed a vampire knight
  1467 | D        | Got the amulet "Eple" {Faith Regen+ Str+4}
  1487 | D        | Entered arena 16.
  1488 | D        | Noticed an acid blob
  1488 | D        | Noticed a great orb of eyes
  1489 | D        | Noticed a great orb of eyes
  1489 | D        | Noticed a rockslime
  1489 | D        | Noticed a rockslime
  1493 | D        | Killed an acid blob
  1493 | D        | Killed a rockslime
  1493 | D        | Killed a rockslime
  1494 | D        | Killed a great orb of eyes
  1494 | D        | Killed a great orb of eyes
  1495 | D        | Reached XP level 14. HP: 96/103 MP: 6/31
  1631 | D        | Found a transporter.
  1637 | D        | Got the Grimoire of Doom
  1639 | D        | Got the ring "Aliah" {rC+ Str+2}
  1664 | D        | Entered arena 17.
  1667 | D        | Noticed an orc warlord
  1672 | D        | Reached skill level 1 in Conjurations
  1672 | D        | Found a transporter.
  1676 | D        | Killed an orc warlord
  1764 | D        | Got the ring of Ecihin {rF+ Str+6 Int+4 Stlth+}
  1871 | D        | Learned a level 5 spell: Fireball
  1879 | D        | Entered arena 18.
  1882 | D        | Noticed an orc warlord
  1882 | D        | Found the +8 Vampire's Tooth {megavamp}
  1884 | D        | Noticed an orc warlord
  1888 | D        | Killed an orc warlord
  1889 | D        | Reached skill level 5 in Conjurations
  1896 | D        | Killed an orc warlord
  2014 | D        | Found a transporter.
  2026 | D        | Got the Anthology of the Voyage
  2080 | D        | Learned a level 4 spell: Passage of Golubria
  2082 | D        | Entered arena 19.
  2085 | D        | Noticed a nagaraja
  2085 | D        | Found the +7 staff of the Meek {protect, meekguard}
  2086 | D        | Noticed a nagaraja
  2097 | D        | Killed a nagaraja
  2100 | D        | Killed a nagaraja
  2197 | D        | Found a transporter.
  2210 | D        | Got the Tome of the Plateau
  2223 | D        | Got Yjiruxek's Treatise on Poisoning and the Singularity
  2238 | D        | Learned a level 2 spell: Blink
  2275 | D        | Entered arena 20.
  2280 | D        | Found the +6 lightning scales {swift, rElec}
  2280 | D        | Identified the +4 morningstar of Iguaseon {vamp, rF+}
  2283 | D        | Reached skill level 5 in Unarmed Combat
  2292 | D        | Found a transporter.
  2398 | D        | Got the ring "Muked" {Fire Will+}
  2402 | D        | Got the ring of Sunlight {Will+ Int+6}
  2409 | D        | Got the Writings on Dark Ceremonies
  2452 | D        | Learned a level 6 spell: Conjure Ball Lightning
  2454 | D        | Entered arena 21.
  2458 | D        | Noticed a green draconian
  2458 | D        | Noticed a white draconian stormcaller
  2458 | D        | Noticed a green draconian
  2458 | D        | Noticed a green draconian
  2458 | D        | Noticed a green draconian
  2458 | D        | Noticed a red draconian
  2458 | D        | Noticed a green draconian
  2458 | D        | Noticed a purple draconian
  2458 | D        | Noticed a white draconian
  2458 | D        | Identified the ring of Zuoticups {Fire Will++ Stlth+}
  2458 | D        | Noticed a white draconian
  2458 | D        | Noticed a purple draconian shifter
  2459 | D        | Noticed a white draconian
  2459 | D        | Noticed a purple draconian
  2459 | D        | Noticed a black draconian
  2460 | D        | Noticed a white draconian
  2460 | D        | Noticed a green draconian monk
  2460 | D        | Noticed a red draconian scorcher
  2461 | D        | Noticed a purple draconian
  2461 | D        | Noticed a green draconian
  2461 | D        | Found a transporter.
  2461 | D        | Noticed a purple draconian
  2461 | D        | Noticed a green draconian
  2461 | D        | Noticed a green draconian
  2461 | D        | Noticed a red draconian scorcher
  2462 | D        | Noticed a red draconian scorcher
  2462 | D        | Noticed a red draconian
  2465 | D        | Killed a red draconian scorcher
  2465 | D        | Killed a white draconian
  2465 | D        | Killed a red draconian scorcher
  2465 | D        | Killed a red draconian
  2465 | D        | Killed a white draconian
  2465 | D        | Killed a green draconian
  2465 | D        | Killed a black draconian
  2465 | D        | Killed a green draconian
  2465 | D        | Killed a white draconian stormcaller
  2465 | D        | Killed a purple draconian
  2466 | D        | Reached skill level 15 in Shapeshifting
  2466 | D        | Reached XP level 15. HP: 25/114 MP: 7/32
  2467 | D        | Killed a purple draconian shifter
  2467 | D        | Killed a red draconian scorcher
  2468 | D        | Reached skill level 15 in Fighting
  2468 | D        | Reached skill level 15 in Dodging
  2468 | D        | Reached skill level 10 in Conjurations
  2471 | D        | Killed a green draconian monk
  2472 | D        | Reached skill level 10 in Unarmed Combat
  2475 | D        | Reached skill level 15 in Shields
  2480 | D        | Killed from afar by a purple draconian

Illustrated notes

Levels and vault maps discovered:
D:        sprint_v [room_start, room_1, room_2, room_3, room_4, room_5, room_6,
          room_7, room_8, room_9, room_10, room_11, room_12, room_13, room_14,
          room_15, room_16, room_17, room_18, room_19, room_20, room_21,
          room_22, room_23, room_24, room_25, room_26, room_27]

Skill      XL: |  1  2  3  4  5  6  7  8  9 10 11 12 13 14 15 |
---------------+----------------------------------------------+-----
Invocations    | 4 7 12 14 15 18 19 21 25 27 | 27.0
Shapeshifting  | 7 8 11 13 15 | 15.5
Shields        | 4 9 12 14 15 | 15.1
Spellcasting   | 4 8 11 13 | 13.8
Fighting       | 5 9 12 14 15 | 15.2
Dodging        | 5 9 12 14 15 | 15.3
Conjurations   | 9 10 | 10.0
Unarmed Combat | 8 10 | 10.6

Action                     |  1- 3 |  4- 6 |  7- 9 | 10-12 | 13-15 || total
---------------------------+-------+-------+-------+-------+-------++-------
  Melee: Double sword      |     4 |     5 |     7 |    15 |    23 ||    54
         Constrict         |       |     1 |     2 |     1 |     7 ||    11
         Tentacles         |       |       |       |     3 |     6 ||     9
         Unarmed           |       |       |       |       |     5 ||     5
         Punch             |       |       |       |       |     2 ||     2
         Tailslap          |       |       |       |       |     1 ||     1
         Lance             |       |       |       |       |     7 ||     7
   Cast: Fireball          |       |       |       |       |     2 ||     2
 Invoke: Slouch            |       |       |     3 |    25 |    34 ||    62
         Bend Time         |       |       |       |     1 |       ||     1
  Evoke: Wand              |     1 |     2 |       |       |     1 ||     4
         Condenser vane    |       |       |       |       |     1 ||     1
         Sack of spiders   |       |       |       |       |     1 ||     1
    Use: Potion            |       |       |     1 |     8 |    10 ||    19
   Stab: Held in net/web   |       |       |       |       |     1 ||     1
 Armour: Skin              |     1 |       |     5 |    17 |    34 ||    57
  Dodge: Dodged            |       |     2 |     3 |    18 |    52 ||    75
  Block: Kite shield       |     9 |     5 |     8 |    29 |   112 ||   163
         Form:             |       |       |       |       |     1 ||     1
         Dragon            |       |       |       |       |     1 ||     1

Table legend: (Time is in decaauts)
 A = Elapsed time spent in this place.
 B = Non-inter-level travel time spent in this place.
 C = Inter-level travel time spent in this place.
 D = Time resting spent in this place.
 E = Time spent auto-exploring this place.
 F = Levels seen in this place.
 G = Mean time per level.
                   A        B        C        D        E       F      G
               +--------+--------+--------+--------+--------+-----+--------+
         Total |   2955 |   2953 |      2 |   1610 |     18 |   1 | 2955.0 |
       Dungeon |   2955 |   2953 |      2 |   1610 |     18 |   1 | 2955.0 |
               +--------+--------+--------+--------+--------+-----+--------+

Top non-repeatable levels by time:
       D: 2955 daAuts
